 Dungeon Crawl Stone Soup version 0.27.0-1-g7a089689b8 (webtiles) character file.

Game seed: 3475103345445379223

6873 Leibowitz the Covert (level 11, -2/66 HPs)
             Began as a Kobold Gladiator on Aug 7, 2021.
             Was a High Priest of Okawaru.
             Slain by a two-headed ogre (28 damage)
             ... on level 9 of the Dungeon.
             The game lasted 00:27:41 (9090 turns).

Leibowitz the Covert (Kobold Gladiator)             Turns: 9090, Time: 00:27:42

Health: -2/66      AC: 10    Str: 12    XL:     11   Next: 26%
Magic:  11/11      EV: 20    Int: 16    God:    Okawaru [*****.]
Gold:   564        SH:  0    Dex: 19    Spells: 10/10 levels left

rFire    . . .     SeeInvis .   a - +2 dagger (venom)
rCold    . . .     Faith    .   (shield restricted)
rNeg     . . .     Spirit   .   b - +0 leather armour
rPois    .         Reflect  .   c - +0 helmet
rElec    .         Harm     .   I - +0 cloak
rCorr    .         Rampage  .   h - +0 pair of gloves
Will     .....                  (no boots)
Stlth    +++++++...             (no amulet)
HPRegen  0.21/turn              e - +4 ring of protection
MPRegen  0.12/turn              y - +6 ring of intelligence

@: no status effects
A: small, no large weapons, nightstalker 3
a: Renounce Religion, Heroism, Finesse


You were on level 9 of the Dungeon.
You worshipped Okawaru.
Okawaru was extremely pleased with you.
You visited 2 branches of the dungeon, and saw 10 of its levels.
You also visited: Ossuary.

You collected 674 gold pieces.
You spent 110 gold pieces at shops.

Inventory:

Hand Weapons
 a - a +2 dagger of venom (weapon)
 m - a +0 rapier
 s - the +0 trident "Zofun" {antimagic, rCorr Dex-2 Stlth+}
   (You found it on level 6 of the Dungeon)

   It reduces the magical energy of the wielder, and disrupts the spells and
   magical abilities of those it strikes.
   Natural abilities and divine invocations are not affected.
   Dex:       It affects your dexterity (-2).
   rCorr:     It protects you from acid and corrosion.
   Stlth:     It makes you more stealthy.
 x - a +1 dagger of protection
Missiles
 d - 2 throwing nets
 E - 4 curare-tipped darts
 M - 2 datura-tipped darts (quivered)
Armour
 b - a +0 leather armour (worn)
 c - a +0 helmet (worn)
 h - a +0 pair of gloves (worn)
 i - a +2 robe of positive energy
 I - a +0 cloak (worn)
Jewellery
 e - a +4 ring of protection (left hand)
 y - a +6 ring of intelligence (right hand)
Wands
 w - a wand of acid (5)
 A - a wand of polymorph (24)
 N - a wand of paralysis (11)
Scrolls
 f - 6 scrolls of teleportation
 j - 4 scrolls of amnesia {unknown}
 k - 5 scrolls of vulnerability {unknown}
 l - 4 scrolls of enchant armour {unknown}
 n - a scroll of holy word {unknown}
 q - 12 scrolls of identify {unknown}
 r - 2 scrolls of enchant weapon {unknown}
 t - 2 scrolls of silence {unknown}
 v - a scroll of acquirement {unknown}
 B - a scroll of summoning
 J - a scroll of fear {unknown}
 K - a scroll of brand weapon {unknown}
 L - a scroll of immolation {unknown}
Potions
 g - 2 potions of haste {unknown}
 o - a potion of flight {unknown}
 p - 6 potions of curing
 u - 3 potions of attraction {unknown}
 z - a potion of brilliance {unknown}
 C - 3 potions of invisibility {unknown}
 D - 3 potions of degeneration {unknown}
 F - a potion of cancellation {unknown}
 G - a potion of resistance {unknown}
 H - a potion of berserk rage {unknown}


   Skills:
 * Level 6.9 Fighting
 * Level 10.6 Short Blades
 - Level 2.1 Throwing
 + Level 3.4 Armour
 * Level 8.9 Dodging
 * Level 14.3 Stealth
 + Level 1.7 Evocations


You had 10 spell levels left.
You didn't know any spells.
Your spell library contained the following spells:

 Spells                   Type           Power      Damage    Failure   Level
 Animate Skeleton         Necr           0%         N/A       32%         1
 Apportation              Tloc           0%         N/A       32%         1
 Beastly Appendage        Tmut           0%         N/A       32%         1
 Corona                   Hex            0%         N/A       32%         1
 Magic Dart               Conj           0%         1d3       32%         1
 Sandblast                Erth           0%         2d4       32%         1
 Summon Small Mammal      Summ           0%         N/A       32%         1
 Call Imp                 Summ           0%         N/A       43%         2
 Ensorcelled Hibernation  Hex/Ice        0%         N/A       43%         2
 Passwall                 Tmut/Erth      0%         N/A       43%         2
 Wereblood                Tmut           0%         N/A       43%         2
 Mephitic Cloud           Conj/Pois/Air  0%         N/A       67%         3
 Spider Form              Tmut/Pois      0%         N/A       67%         3
 Lee's Rapid Deconstruct  Erth           0%         3d5*      100%        5
 Shadow Creatures         Summ           N/A        N/A       100%        6


Dungeon Overview and Level Annotations

Branches:
Dungeon (9/15)             Temple (1/1) D:7         Ossuary (visited)
   Lair: D:8-11         Orc: D:9-12

Altars:
Dithmenos
Elyvilon
Fedhas
Gozag
Hepliaklqana
Kikubaaqudgha
Okawaru
Qazlal
Ru
Sif Muna
Uskayaw
Wu Jian
Zin

Shops:
D:4 !

Annotations:
D:6 3 runed translucent doors, WasDam's ghost, novice DrCK; WasDam's ghost, weakling GrCK; flinch's ghost, weakling VSDe; paps's ghost, novice OpEn
D:7 exclusion: ice statue


Innate Abilities, Weirdness & Mutations

You are small and have problems with some larger weapons.
You are completely attuned to the shadows.


Message History

A two-headed ogre comes into view. It is wielding two +0 giant clubs.
Found a scroll labelled VIABUC QAVVEMN.
The two-headed ogre shouts in stereo!
You hear a shout!
The two-headed ogre completely misses you.
The two-headed ogre closely misses you.
You hear a howl!
You hear a shout!
You hit the two-headed ogre but do no damage.
The two-headed ogre is poisoned.
You barely miss the two-headed ogre.
The two-headed ogre is lightly wounded.
You hit the two-headed ogre but do no damage.
The two-headed ogre is lightly wounded.
The two-headed ogre hits you with a +0 giant club!
The two-headed ogre closely misses you.
Throw: 4 darts (datura)
Press: ? - help, Q - select action, (/) - cycle Shift-Dir - straight line, f - two-headed ogre
Aim: a two-headed ogre, wielding two +0 giant clubs (lightly wounded, poisoned, 78% to hit, chance to frenzy on hit: 48%)
You throw a datura-tipped dart.
The datura-tipped dart barely misses the two-headed ogre.
You hit the two-headed ogre.
The two-headed ogre is lightly wounded.
The two-headed ogre closely misses you. The two-headed ogre misses you.
Throw: 3 darts (datura)
Press: ? - help, Q - select action, (/) - cycle Shift-Dir - straight line, f/p - two-headed ogre
Aim: a two-headed ogre, wielding two +0 giant clubs (moderately wounded, poisoned, 78% to hit, chance to frenzy on hit: 48%)
You throw a datura-tipped dart.
The datura-tipped dart hits the two-headed ogre.
The two-headed ogre flies into a frenzy!
The two-headed ogre is moderately wounded.
The two-headed ogre hits you with a +0 giant club.
The two-headed ogre hits you with a +0 giant club!!
The two-headed ogre refuses to make way for you. (Use ctrl+direction or * direction to attack.)
The two-headed ogre looks more healthy.
Press: ? - help, v - describe, . - travel
Here: a two-headed ogre, wielding two +0 giant clubs (moderately wounded, fast, strong, frenzied and insane)
The floor, spattered with blood.
The two-headed ogre refuses to make way for you. (Use ctrl+direction or * direction to attack.)
The two-headed ogre barely misses you.
The two-headed ogre hits you with a +0 giant club!!
You die...

...............................
#..####.##.#####..#####........#
..# #.##.# #..# #........
#..#.### #..# #.....
.##.#.#.###..### #.####
)<..............#
#.........(......
#.##.#...###O##.# #. #.#...#
#@##.# #.#...###.##.###.
##......(...... #..###.##.....
#..# #.##..... ....# #.##...?.
.... #.##.###.


You could see a neutral two-headed ogre (fast, strong, insane).

Vanquished Creatures
  2 boulder beetles (D:8)
  A centaur warrior (D:8)
  Maurice (D:8)
  Psyche (D:8)
  A komodo dragon (D:8)
  Grinder (D:3)
  A vampire (D:9)
  4 yaks (D:7)
  Menkaure (D:7)
  A vampire mosquito (D:8)
  3 water moccasins (D:8)
  A hornet zombie (D:8)
  4 black bears
  2 orc warriors (D:8)
  4 necrophages
  A centaur (D:8)
  2 ogres
  A phantom (D:4)
  3 scorpions
  2 bullfrogs
  2 water moccasin skeletons
  3 killer bees (D:9)
  3 howler monkeys (D:8)
  2 centaur zombies
  A bullfrog zombie (D:7)
  7 hounds
  A jelly (D:6)
  A bullfrog skeleton (D:6)
  2 iguanas
  An orc wizard (D:8)
  2 mummies (Ossuary)
  2 howler monkey zombies
  5 adders
  A shadow imp (D:7)
  5 adder zombies (Ossuary)
  2 worms
  A dart slug (D:1)
  11 orcs
  6 endoplasms
  3 giant cockroaches
  12 hobgoblins
  8 jackals
  5 kobolds
  4 quokkas
  3 ball pythons
  7 bats
  7 frilled lizards
  5 gnoll zombies (Ossuary)
  5 goblins
  5 hobgoblin zombies (Ossuary)
  2 kobold zombies (Ossuary)
  4 orc zombies (Ossuary)
  7 rats
172 creatures vanquished.

Vanquished Creatures (collateral kills)
  A killer bee zombie (D:5)
1 creature vanquished.

Vanquished Creatures (others)
  4 plants (D:9)
  2 withered plants (D:6)
6 creatures vanquished.

Grand Total: 179 creatures vanquished

Notes
Turn   | Place    | Note
-------+----------+-------------------------------------------
     0 | D:1      | Leibowitz the Kobold Gladiator began the quest for the Orb.
     0 | D:1      | Reached XP level 1. HP: 12/12 MP: 1/1
    61 | D:1      | Reached XP level 2. HP: 17/17 MP: 2/2
   647 | D:1      | Reached XP level 3. HP: 21/22 MP: 3/3
   969 | D:1      | Reached skill level 1 in Stealth
  1345 | D:2      | Reached skill level 5 in Short Blades
  1407 | D:2      | Reached skill level 2 in Stealth
  1407 | D:2      | Reached XP level 4. HP: 27/27 MP: 4/4
  1581 | D:2      | Reached skill level 3 in Stealth
  1696 | D:2      | Noticed an ogre
  1700 | D:2      | Killed an ogre
  1701 | D:2      | Reached skill level 4 in Stealth
  1701 | D:2      | Reached XP level 5. HP: 31/31 MP: 5/5
  1815 | D:3      | Noticed Grinder
  1907 | D:3      | You fall into a shaft and drop 3 floors!
  1920 | D:6      | Identified the +0 trident "Zofun" {antimagic, rCorr Dex-2
                  | Stlth+}
  1971 | D:6      | Reached XP level 6. HP: 36/36 MP: 6/6
  2004 | D:5      | Entered Level 5 of the Dungeon
  2041 | D:5      | Reached skill level 5 in Stealth
  2060 | D:5      | Noticed a necrophage
  2060 | D:5      | Noticed an ogre
  2082 | D:5      | Found an opulent altar of Gozag.
  2093 | D:5      | Found an opulent altar of Gozag.
  2164 | D:6      | Killed a necrophage
  2165 | D:6      | Reached XP level 7. HP: 24/41 MP: 7/7
  2313 | D:6      | Reached skill level 1 in Armour
  2313 | D:6      | Reached skill level 6 in Stealth
  2368 | D:5      | Found a blossoming altar of Fedhas.
  2571 | D:5      | Found an opulent altar of Gozag.
  2590 | D:4      | Found Ocwateda's Distillery.
  3098 | D:3      | Found an iron altar of Okawaru.
  3103 | D:3      | Became a worshipper of Warmaster Okawaru
  3109 | D:3      | Killed Grinder
  3110 | D:3      | Reached skill level 5 in Dodging
  3110 | D:3      | Reached skill level 7 in Stealth
  3110 | D:3      | Reached XP level 8. HP: 46/46 MP: 8/8
  3245 | D:3      | Found a faded altar of an unknown god.
  3628 | D:4      | Reached * piety under Okawaru
  3786 | D:4      | Reached skill level 8 in Stealth
  3975 | D:4      | Found an ornate altar of the Wu Jian Council.
  4092 | D:4      | Bought a potion of curing for 30 gold pieces
  4092 | D:4      | Bought a potion of mutation for 80 gold pieces
  4421 | D:4      | Found a stormy altar of Qazlal.
  4499 | D:5      | Found an opulent altar of Gozag.
  4677 | D:5      | Reached skill level 9 in Stealth
  4700 | D:5      | Found a shimmering blue altar of Sif Muna.
  5035 | D:5      | Found a sacrificial altar of Ru.
  5152 | D:6      | Reached ** piety under Okawaru
  5153 | D:6      | Reached XP level 9. HP: 49/52 MP: 9/9
  5363 | D:6      | Found a runed translucent gate.
  5363 | D:6      | Found a runed translucent gate.
  5363 | D:6      | Found a runed translucent gate.
  5365 | D:6      | Noticed paps's ghost (novice OpEn)
  5410 | D:6      | Noticed flinch's ghost (weakling VSDe)
  5413 | D:6      | Noticed WasDam's ghost (novice DrCK)
  5437 | D:6      | Reached skill level 10 in Stealth
  5686 | D:6      | Noticed WasDam's ghost (weakling GrCK)
  5788 | D:7      | Found a staircase to the Ecumenical Temple.
  5794 | Temple   | Entered the Ecumenical Temple
  5893 | D:7      | Found a hide-covered altar of Uskayaw.
  6135 | D:7      | Noticed an ice statue
  6359 | D:7      | Noticed Menkaure
  6363 | D:7      | Killed Menkaure
  6690 | D:7      | Reached *** piety under Okawaru
  6691 | D:7      | Reached skill level 11 in Stealth
  7130 | D:8      | Noticed Maurice
  7133 | D:8      | Killed Maurice
  7133 | D:8      | Reached **** piety under Okawaru
  7134 | D:8      | Reached skill level 5 in Fighting
  7134 | D:8      | Reached XP level 10. HP: 59/59 MP: 10/10
  7160 | D:8      | Reached skill level 12 in Stealth
  7211 | D:8      | Found a sand-covered staircase.
  7215 | Ossuary  | Entered an ossuary
  7652 | D:8      | Noticed a komodo dragon
  7652 | D:8      | Noticed a boulder beetle
  7653 | D:8      | Noticed a centaur warrior
  7654 | D:8      | Noticed a boulder beetle
  7675 | D:8      | Noticed Psyche
  7694 | D:8      | Killed a centaur warrior
  7694 | D:8      | Received a gift from Okawaru
  7695 | D:8      | Reached skill level 10 in Short Blades
  7695 | D:8      | Reached skill level 13 in Stealth
  7912 | D:8      | Reached ***** piety under Okawaru
  7962 | D:8      | Noticed a green ugly thing
  7982 | D:8      | Found a shadowy altar of Dithmenos.
  8071 | D:8      | Found a white marble altar of Elyvilon.
  8146 | D:8      | Killed Psyche
  8147 | D:8      | Reached skill level 1 in Evocations
  8338 | D:8      | Killed a komodo dragon
  8453 | D:8      | Killed a boulder beetle
  8453 | D:8      | Received a gift from Okawaru
  8454 | D:8      | Reached skill level 14 in Stealth
  8454 | D:8      | Reached XP level 11. HP: 13/66 MP: 11/11
  8593 | D:8      | Killed a boulder beetle
  8989 | D:9      | Found an ancient bone altar of Kikubaaqudgha.
  9067 | D:9      | Noticed a two-headed ogre
  9090 | D:9      | Slain by a two-headed ogre

Illustrated notes

Levels and vault maps discovered:
D:1:      amcnicky_arrival_double_pillar, layout_basic, patterned_corridor
D:2:      layout_rooms
D:3:      layout_loops_corners, okawaru_gym_becter,
          dreamdust_ecumenical_altar_angels_and_demons, uniq_grinder
D:4:      layout_cave_pods, nzn_wu_jian_contemplation,
          nicolae_qazlal_scattered_showers, serial_shops, nicolae_stop_n_shop_2
D:5:      layout_gridville, old_standard_altar, led_sif_book,
          nicolae_ru_the_path_less_chosen,
          nicolae_gozag_conspicuous_consumption,
          hangedman_decor_clover_reticule, kennysheep_generic_room_15
D:6:      layout_gridville, lemuel_tele_altar, gammafunk_ghost_cemetery
D:7:      lemuel_ice_statue, layout_basic, mainiacjoe_overflow_tiny_flanked,
          minmay_temple_entry_mist, uniq_menkaure
D:8:      minmay_the_grid_square_5x5_3x3 [minmay_the_grid_square_5x5_inner_z,
          minmay_the_grid_square_5x5_moneybag, minmay_the_grid_square_5x5_eight,
          minmay_the_grid_square_5x5_spiral,
          minmay_the_grid_square_5x5_megaprize_crossed,
          minmay_the_grid_square_5x5_hourglass, minmay_the_grid_square_5x5_plus,
          minmay_the_grid_square_5x5_three, minmay_the_grid_square_5x5_lines],
          layout_loops_ring, nicolae_dithmenos_through_a_glass_darkly,
          elyvilon_altar_5, nicolae_ossuary_entry_false_entrances,
          minmay_misc_feat_nine_boxes, uniq_maurice, uniq_psyche
D:9:      layout_basic, amcnicky_altar_gilded, vehumet_altar_wand_db,
          david_lair_generic, ebering_ghost_funeral_grove, nicolae_shop_gadgets
Temple:   corrupted_temple

Skill      XL: |  1  2  3  4  5  6  7  8  9 10 |
---------------+-------------------------------+-----
Dodging        | 4 5 6 8 |  8.9
Stealth        | 2 4 5 7 9 11 14 | 14.3
Short Blades   | 5 6 7 8 9 10 | 10.6
Fighting       | 3 4 5 6 |  6.9
Armour         | 1 2 3 |  3.4
Evocations     | 1 |  1.7
Throwing       | |  2.1

Action                   |  1- 3 |  4- 6 |  7- 9 | 10-12 || total
-------------------------+-------+-------+-------+-------++-------
Melee: Rapier            |    69 |       |       |       ||    69
       Dagger            |    17 |    57 |   269 |   240 ||   583
Throw: Throwing net      |       |     3 |     1 |     1 ||     5
       Dart              |       |       |       |     9 ||     9
Evoke: Wand              |       |       |       |     6 ||     6
  Use: Scroll            |       |     1 |       |     2 ||     3
       Potion            |       |       |     1 |     5 ||     6
 Stab: Sleeping          |    20 |     8 |    27 |    13 ||    68
       Distracted        |       |       |     2 |     1 ||     3
       Held in net/web   |       |       |     1 |     1 ||     2
Armor: Leather armour    |    12 |    15 |    28 |    32 ||    87
Dodge: Dodged            |    44 |    40 |   132 |   135 ||   351
